 Dungeon Crawl Stone Soup version 0.28-a0-401-ge240ad9e29 (webtiles) character file.

Game seed: 8176573883772379697

12583 avis the Fighter (level 11, 0/81 HPs)
             Began as an Octopode Transmuter on Sept 1, 2021.
             Was an Initiate of Gozag.
             Slain by a jumping spider (14 damage)
             ... in a Gauntlet on Sept 4, 2021.
             The game lasted 01:48:15 (16185 turns).

avis the Fighter (Octopode Transmuter)             Turns: 16185, Time: 01:48:17

Health: 0/81       AC:  5    Str: 13    XL:     11   Next: 95%
Magic:  13/18      EV: 14    Int: 16    God:    Gozag
Gold:   1000       SH:  5    Dex: 12    Spells: 7/20 levels left

rFire   . . .      SeeInvis .     - Unarmed
rCold   + . .      Faith    .   (shield currently unavailable)
rNeg    . . .      Spirit   .   (helmet restricted)
rPois   .          Reflect  +   E - amulet of reflection
rElec   .          Harm     .   a - +4 ring of protection
rCorr   .          Rampage  .   y - ring of protection from cold
Will    .....      Rnd*Rage +   (no ring) Stlth +++.......NoTele +
                                (no ring)
HPRegen 0.23/turn               (no ring)
MPRegen 0.16/turn               (no ring)
                                (no ring)
                                (no ring)

@: lethally poisoned (0 -> -71), blade tentacles, hasted, very quick
A: almost no armour, amphibious, 8 rings, camouflage 1, gelatinous body 1,
(nimble swimmer 1), tentacles, berserk 1, subdued magic 1
a: End Transformation, Renounce Religion, Potion Petition, Call Merchant, Bribe
Branch


You were in a Gauntlet.
You worshipped Gozag.
Gozag was most pleased with you.
You had blades for main tentacles.
You visited 2 branches of the dungeon, and saw 13 of its levels.
You also visited: Sewer and Gauntlet.

You collected 1930 gold pieces.
You spent 533 gold pieces at shops.
You paid 397 gold pieces to Gozag.

Inventory:

Hand Weapons
 b - a +3 flail of protection (melded)
 w - a +3 scimitar of flaming
 N - a +0 hunting sling
Missiles
 k - 17 poisoned darts (quivered)
 l - 14 arrows
 D - 10 boomerangs
 I - 3 throwing nets
 P - 4 silver boomerangs
 S - 6 javelins
Armour
 A - a +0 buckler of reflection (melded)
Jewellery
 a - a +4 ring of protection (left blade tentacle)
 y - a ring of protection from cold (right blade tentacle)
 E - an amulet of reflection (around mantle)
Wands
 v - a wand of iceblast (16)
 G - a wand of flame (70)
 L - a wand of mindburst (16)
Scrolls
 c - a scroll of holy word {unknown}
 h - 4 scrolls of amnesia {unknown}
 i - a scroll of noise {unknown}
 j - a scroll of enchant weapon
 m - 2 scrolls of torment {unknown}
 q - 4 scrolls of magic mapping
 s - 2 scrolls of fog
 t - 2 scrolls of vulnerability {unknown}
 x - 2 scrolls of teleportation
 C - 2 scrolls of blinking {unknown}
 H - 2 scrolls of summoning {unknown}
 J - 4 scrolls of fear
 M - a scroll of enchant armour
 O - a scroll of identify
Potions
 e - 2 potions of cancellation
 f - a potion of curing
 g - 3 potions of flight
 o - 3 potions of lignification
 p - a potion of might
 r - 2 potions of magic
 u - 2 potions of brilliance
 z - 2 potions of haste
 B - a potion of attraction
 F - 2 potions of invisibility
 K - a potion of berserk rage
 Q - 2 potions of mutation
Miscellaneous
 d - a tin of tremorstones (2/2)
 R - a piece from Xom's chessboard (15/15)


   Skills:
 * Level 10.1 Fighting
 - Level 5.0 Dodging
 - Level 3.0 Stealth
 - Level 4.0 Shields
 - Level 10.0 Unarmed Combat
 - Level 5.0 Spellcasting
 - Level 9.0 Transmutations
 - Level 4.0 Ice Magic
 - Level 2.0 Poison Magic


You had 7 spell levels left.
You knew the following spells:

 Your Spells              Type           Power      Damage    Failure   Level
a - Beastly Appendage     Tmut           50%        N/A       9%          1
p - Spider Form           Tmut/Pois      8%         N/A       28%         3
q - Ice Form              Ice/Tmut       19%        N/A       43%         4
B - Blade Hands           Tmut           12%        N/A       43%         5

Your spell library contained the following spells:

 Spells                   Type           Power      Damage    Failure   Level
 Wereblood                Tmut           25%        N/A       10%         2
 Animate Skeleton         Necr           6%         N/A       52%         1
 Pain                     Necr           12%        1d4       52%         1
 Dazzling Flash           Conj/Hex       6%         N/A       78%         3
 Tukima's Dance           Hex            3%         N/A       78%         3
 Vampiric Draining        Necr           1%         2d6       78%         3
 Yara's Violent Unravell  Hex/Tmut       7%         3d5       87%         5
 Passage of Golubria      Tloc           N/A        N/A       98%         4
 Agony                    Necr           3%         N/A       100%        5
 Silence                  Hex/Air        1%         N/A       100%        5
 Iron Shot                Conj/Erth      1%         9d1       100%        6
 Animate Armour           Summ/Erth      Unusable   N/A       N/A         4

Dungeon Overview and Level Annotations

Branches:
Dungeon (12/15)            Temple (1/1) D:4             Orc (0/2) D:10
  Sewer (visited)         Gauntlet (1/1)
   Lair: D:8-11

Altars:
Cheibriados
Gozag
Nemelex Xobeh
Ru
Trog
Vehumet
Xom
Yredelemnul

Shops:
D:1 [   D:4 !   D:5 *

Annotations:
D:6 2 transporters
D:8 2 runed translucent doors
D:10 Wasp nest behind wax walls
D:11 3 runed translucent doors Gauntlet 13 transporters, exclusion: 2 lightning spires


Innate Abilities, Weirdness & Mutations

You have blades for main tentacles.
Your spellcasting is less reliable in this form.
You are incapable of wielding weapons or throwing items.
You cannot wear most types of armour.
You are amphibious.
You can wear up to eight rings at the same time.
Your skin changes colour to match your surroundings (Stealth+).
Your rubbery body absorbs attacks. (AC +1, EV +1)
((You are camouflaged near water. (Stealth+)))
You have tentacles for arms and can constrict up to eight enemies at once.
You tend to lose your temper in combat.
Your spells are a little easier to cast, but a little less powerful.


Message History

You slash the entropy weaver! You grab the entropy weaver.
You squeeze the entropy weaver, but do no damage.
The entropy weaver is moderately wounded.
You constrict the entropy weaver.
You feel very sick. You block the wolf spider's attack.
The wolf spider barely misses you. The entropy weaver hits you!
The entropy weaver closely misses you. The entropy weaver hits you!
The entropy weaver hits you but does no damage.
The jumping spider pounces on you but does no damage.
The jumping spider bites you. The wolf spider hits you!
The wolf spider bites you!
You are lethally poisoned!
The wolf spider poisons you!
You feel much better.
You constrict the entropy weaver, but do no damage.
You feel extremely sick.
The entropy weaver hits you but does no damage.
The entropy weaver hits you! x3
* * * LOW HITPOINT WARNING * * *
The wolf spider closely misses you. You block the wolf spider's attack.
The jumping spider pounces on you!
* * * LOW HITPOINT WARNING * * *
You block the jumping spider's attack.
Okay, then. [a] - 345 gold - heal wounds and haste [b] - 168 gold - heal wounds and curing [c] - 330 gold - heal wounds and resistance Purchase which effect?
You feel much better.
You feel yourself speed up.
You constrict the entropy weaver.
You feel extremely sick.
The entropy weaver closely misses you. x2; The entropy weaver misses you.
The entropy weaver hits you. You block the wolf spider's attack.
The wolf spider bites you!
* * * LOW HITPOINT WARNING * * *
You are more poisoned.
The wolf spider poisons you! The jumping spider pounces on you!
You die...
Your body crumbles into a pile of gold.

#8#..............#.#####
####..............#.#≈≈8≈
###≈....#############.#####
#8#.....#©...........©.....
###.#######################
#.#.........#.#.........#
###.#.........#.#.#.....#.#
#8#.#....sB...#.#.##...##h#
###.#....s@...#.#.h##.##^.#
#.#....©....#.#....©....#
###.#.........#.#.^#####^.#
#8#.#.........#.#.##...##.#
###.#.........#.#.#^.8..#.#
#.#.."!©?...#.#...)©[$.8#
###.###########.###########
#8#........................
###≈.......................


You could see an entropy weaver, a wolf spider and a jumping spider.

Vanquished Creatures
  Harold (D:8)
  A boulder beetle (D:11)
  A hydra (D:12)
  Erica (D:9)
  A two-headed ogre (D:10)
  Urug (D:10)
  A shining eye (Gauntlet)
  An ugly thing (D:12)
  A manticore (D:11)
  A kobold demonologist (D:10)
  A komodo dragon (D:12)
  2 hornets
  Sigmund (D:5)
  A vampire (D:11)
  4 wyverns
  A golden eye (Gauntlet)
  6 yaks (D:11)
  A steam dragon (D:9)
  2 wargs
  Menkaure (D:7)
  An acid dragon (D:11)
  2 swamp worms (Gauntlet)
  A floating eye (Gauntlet)
  5 water moccasins
  2 orc warriors (D:10)
  2 ice beasts
  3 sky beasts
  2 necrophages
  2 ogres
  2 centaurs
  3 phantoms
  3 bullfrogs
  2 scorpions
  A wyvern zombie (D:7)
  A water moccasin skeleton (D:5)
  6 killer bees (D:8)
  10 howler monkeys
  4 wights (D:8)
  A lava snake (D:11)
  A hound (D:5)
  A jelly (D:7)
  A bullfrog zombie (D:6)
  A centaur skeleton (D:6)
  4 bullfrog skeletons
  An orc priest (D:9)
  An iguana (D:5)
  5 orc wizards
  2 howler monkey skeletons
  5 adders
  A river rat (D:6)
  6 ufetubi
  An adder zombie (D:5)
  6 worms
  5 dart slugs
  15 orcs
  15 ball pythons
  3 bats
  6 endoplasms
  8 giant cockroaches
  8 goblins
  6 hobgoblins
  3 jackals (D:3)
  12 quokkas
  9 frilled lizards
  13 kobolds
  8 rats
230 creatures vanquished.

Vanquished Creatures (others)
  8 demonic plants (Gauntlet)
  4 fungi (Gauntlet)
  10 plants (Gauntlet)
22 creatures vanquished.

Grand Total: 252 creatures vanquished

Notes
Turn   | Place    | Note
-------+----------+-------------------------------------------
     0 | D:1      | avis the Octopode Transmuter began the quest for the Orb.
     0 | D:1      | Reached XP level 1. HP: 13/13 MP: 3/3
   147 | D:1      | Reached XP level 2. HP: 9/19 MP: 3/5
   342 | D:1      | Found Baddurerr's Antique Armour Emporium.
   380 | D:1      | Found a faded altar of an unknown god.
  1166 | D:2      | Found a shimmering altar of Xom.
  1208 | D:2      | Reached XP level 3. HP: 25/25 MP: 6/6
  1212 | D:2      | Learned a level 3 spell: Spider Form
  1618 | D:2      | Reached skill level 1 in Poison Magic
  2809 | D:3      | Reached XP level 4. HP: 31/31 MP: 5/7
  2846 | D:3      | Found a bloodstained altar of Trog.
  3296 | D:3      | Reached skill level 1 in Stealth
  3570 | D:4      | Noticed a phantom
  3647 | D:4      | Found an opulent altar of Gozag.
  3664 | D:4      | Became a worshipper of Gozag Ym Sagoz the Greedy
  3690 | D:4      | Reached XP level 5. HP: 36/36 MP: 6/8
  3958 | D:4      | Learned a level 4 spell: Ice Form
  4159 | D:4      | Killed a phantom
  4160 | D:4      | Reached XP level 6. HP: 35/43 MP: 6/9
  4225 | D:4      | Found a staircase to the Ecumenical Temple.
  4240 | Temple   | Entered the Ecumenical Temple
  4447 | D:4      | Found Semul's Distillery.
  4459 | D:4      | Bought a potion of curing for 39 gold pieces
  4459 | D:4      | Bought a potion of heal wounds for 65 gold pieces
  4459 | D:4      | Bought a potion of brilliance for 52 gold pieces
  4820 | D:4      | Bought a potion of attraction for 39 gold pieces
  4860 | D:5      | Entered Level 5 of the Dungeon
  4927 | D:5      | Reached skill level 1 in Shields
  5042 | D:5      | Reached skill level 5 in Fighting
  5383 | D:5      | Noticed a necrophage
  5569 | D:5      | Noticed Sigmund
  5601 | D:5      | Reached XP level 7. HP: 34/50 MP: 7/10
  5991 | D:5      | Reached skill level 5 in Unarmed Combat
  6113 | D:5      | Reached XP level 8. HP: 43/55 MP: 9/11
  6180 | D:5      | Found Nefyiqir's Serpentskin Sales.
  6279 | D:5      | Killed Sigmund
  6444 | D:5      | Reached skill level 5 in Transmutations
  6739 | D:4      | Bought a potion of haste for 130 gold pieces
  6739 | D:4      | Bought a potion of flight for 39 gold pieces
  6739 | D:4      | Bought a potion of berserk rage for 65 gold pieces
  7019 | D:6      | Found a glowing drain.
  7030 | Sewer    | Entered a sewer
  7360 | D:6      | Found a transporter.
  7484 | D:6      | Found a transporter.
  7492 | D:6      | Noticed a kobold demonologist
  7603 | D:6      | Reached XP level 9. HP: 58/62 MP: 13/13
  7821 | D:6      | Found a snail-covered altar of Cheibriados.
  8232 | D:7      | Noticed Menkaure
  8245 | D:7      | Killed Menkaure
  8366 | D:7      | Found a basalt altar of Yredelemnul.
  9135 | D:7      | Upgraded the game from 0.28-a0-381-g937acc2988 to
                  | 0.28-a0-401-ge240ad9e29
  9238 | D:4      | Bought a potion of magic for 104 gold pieces
  9359 | D:6      | Learned a level 5 spell: Blade Hands
  9635 | D:8      | Noticed Harold
  9654 | D:8      | Killed Harold
  9655 | D:8      | Reached XP level 10. HP: 71/71 MP: 13/16
  9870 | D:8      | Found a sparkling altar of Nemelex Xobeh.
 10079 | D:8      | Found a runed translucent door.
 10315 | D:8      | Found a runed translucent door.
 11158 | D:9      | Noticed Erica
 11172 | D:9      | Killed Erica
 11632 | D:9      | Found a sacrificial altar of Ru.
 12159 | D:10     | Entered Level 10 of the Dungeon
 12354 | D:10     | Found a staircase to the Orcish Mines.
 12391 | D:9      | Reached skill level 5 in Dodging
 13010 | D:10     | Noticed a two-headed ogre
 13031 | D:10     | Killed a two-headed ogre
 13032 | D:10     | Reached skill level 5 in Spellcasting
 13032 | D:10     | Reached XP level 11. HP: 53/77 MP: 13/18
 13302 | D:10     | Noticed Urug
 13317 | D:10     | Killed Urug
 14210 | D:11     | Noticed a manticore
 14221 | D:11     | Killed a manticore
 14515 | D:11     | Found a runed translucent gate.
 14515 | D:11     | Found a runed translucent gate.
 14516 | D:11     | Found a runed translucent gate.
 14516 | D:11     | Noticed a glowing orange brain
 14518 | D:11     | Noticed a purple ugly thing
 14882 | D:11     | Noticed a boulder beetle
 14892 | D:11     | Killed a boulder beetle
 15275 | D:11     | You fall into a shaft and drop 1 floor!
 15291 | D:12     | Noticed a six-headed hydra
 15304 | D:12     | Killed a six-headed hydra
 15305 | D:12     | Reached skill level 10 in Fighting
 15332 | D:12     | Noticed a boulder beetle
 15340 | D:12     | Found a gate leading to a gauntlet.
 15340 | D:12     | Noticed a purple ugly thing
 15348 | D:12     | Killed a purple ugly thing
 15357 | Gauntlet | Entered a Gauntlet
 15357 | Gauntlet | Found a transporter.
 15452 | Gauntlet | Noticed a shining eye
 15461 | Gauntlet | Found a transporter.
 15463 | Gauntlet | Found a transporter.
 15464 | Gauntlet | Found a transporter.
 15478 | Gauntlet | Found a transporter.
 15494 | Gauntlet | Found a transporter.
 15501 | Gauntlet | Noticed a wolf spider
 15502 | Gauntlet | Found a transporter.
 15505 | Gauntlet | Noticed an entropy weaver
 15518 | Gauntlet | Found a transporter.
 15537 | Gauntlet | Found a transporter.
 15567 | Gauntlet | Found a transporter.
 15569 | Gauntlet | Noticed a green death
 15594 | Gauntlet | Noticed a thrashing horror
 15594 | Gauntlet | Noticed a thrashing horror
 15597 | Gauntlet | Found a transporter.
 15602 | Gauntlet | Found a transporter.
 15627 | Gauntlet | Found a transporter.
 15632 | Gauntlet | Found a transporter.
 15634 | Gauntlet | Found a transporter.
 15636 | Gauntlet | Noticed a fire crab
 15657 | Gauntlet | Found a transporter.
 15658 | Gauntlet | Noticed a six-headed hydra
 15662 | Gauntlet | Found a transporter.
 15712 | Gauntlet | Found a transporter.
 16022 | Gauntlet | Paralysed by a floating eye for 2 turns
 16026 | Gauntlet | Gained mutation: Your spells are a little easier to cast,
                  | but a little less powerful. [a shining eye]
 16039 | Gauntlet | Gained mutation: You tend to lose your temper in combat. [a
                  | shining eye]
 16042 | Gauntlet | Killed a shining eye
 16043 | Gauntlet | Reached skill level 10 in Unarmed Combat
 16185 | Gauntlet | Slain by a jumping spider

Illustrated notes

Levels and vault maps discovered:
D:1:      heliophobic_arrival_glass_houses, layout_basic,
          shapermc_ecumenical_altar_gd, serial_shops, nicolae_diamond_shop,
          kennysheep_nondescript, minivault_5, amcnicky_mini_corridor_feature,
          chequers_arboretum, minmay_pentomino_o2
D:2:      layout_loops_corners, basic_altar, kennysheep_nub, nrook_mini_vaults,
          minmay_bisected
D:3:      layout_loops_ring, mainiacjoe_overflow_small_starburst,
          minmay_quantized
D:4:      layout_loops_cross, mainiacjoe_overflow_concentric_impassable,
          minmay_temple_entry_junction_2, serial_shops, shop
D:5:      layout_rooms, guppyfry_shop_venom, uniq_sigmund
D:6:      gammafunk_wand_slinger, layout_basic, cheibrodos_worm_habitat,
          gup_sewer_entry_spiral
D:7:      layout_gridville, mainiacjoe_overflow_brackets, uniq_menkaure
D:8:      cheibrodos_histonic, layout_basic, mainiacjoe_overflow_alcove_2,
          dk_vineyard_1, eino_jars, uniq_harold
D:9:      layout_loops_ring, nicolae_ru_great_annihilating_truth, uniq_erica
D:10:     layout_cave_pods, david_orc_3, hive_lemuel, uniq_urug
D:11:     layout_roguey, lair_entry_dummy,
          ploomutoo_gammafunk_ghost_potion_laboratory, kennysheep_another_room
D:12:     cheibrodos_breeding_chamber, layout_irregular_city,
          gauntlet_entry_generic, st_stairs_3
Temple:   eino_temple_scatter_basement
Gauntlet: gammafunk_gauntlet_one_two_three [gammafunk_gauntlet_arena_chambers,
          gammafunk_gauntlet_arena_corners, gammafunk_gauntlet_arena_hedges,
          gammafunk_gauntlet_arena_arrow_garden, gammafunk_gauntlet_arena_grid,
          gammafunk_gauntlet_arena_crates,
          gammafunk_gauntlet_arena_split_diamond,
          gammafunk_gauntlet_arena_split_x, gammafunk_gauntlet_arena_open,
          gauntlet_exit_spiral]

Skill      XL: |  1  2  3  4  5  6  7  8  9 10 11 |
---------------+----------------------------------+-----
Fighting       | 2 3 4 5 6 7 8 10 | 10.1
Poison Magic   | 2 |  2.0
Transmutations | 3 5 7 8 9 |  9.0
Stealth        | 1 2 3 |  3.0
Unarmed Combat | 4 5 7 8 10 | 10.0
Shields        | 2 4 |  4.0
Ice Magic      | 4 |  4.0
Spellcasting   | 3 4 5 |  5.0
Dodging        | 3 5 |  5.0

Action                   |  1- 3 |  4- 6 |  7- 9 | 10-12 || total
-------------------------+-------+-------+-------+-------++-------
Melee: Unarmed           |    55 |    53 |   192 |   222 ||   522
       Kick              |    14 |    25 |    24 |       ||    63
       Constrict         |    21 |    27 |    15 |     7 ||    70
       Tentacles         |     3 |    15 |    13 |    13 ||    44
       Dagger            |    40 |    81 |     7 |       ||   128
       Punch             |       |     1 |     3 |     8 ||    12
       Flail             |       |       |    70 |    27 ||    97
 Cast: Beastly Appendage |    28 |    25 |    20 |       ||    73
       Spider Form       |     8 |    13 |    21 |     2 ||    44
       Ice Form          |       |       |     8 |    25 ||    33
       Blade Hands       |       |       |       |    13 ||    13
Invok: Potion Petition   |       |       |       |     1 ||     1
 Abil: End Transformatio |       |       |     1 |     1 ||     2
  Use: Potion            |       |     1 |     2 |     2 ||     5
       Scroll            |       |       |    11 |     2 ||    13
 Stab: Sleeping          |    10 |     7 |     3 |     6 ||    26
       Distracted        |       |       |       |     2 ||     2
       Paralysed         |       |       |       |     1 ||     1
Armor: Skin              |    18 |    25 |    62 |    60 ||   165
Dodge: Dodged            |    40 |    74 |   165 |    96 ||   375
Block: Other             |       |     2 |    50 |    30 ||    82
       Buckler           |       |       |    36 |     5 ||    41
       Reflection        |       |       |       |     1 ||     1

Table legend: (Time is in decaauts)
 A = Elapsed time spent in this place.
 B = Non-inter-level travel time spent in this place.
 C = Inter-level travel time spent in this place.
 D = Time resting spent in this place.
 E = Time spent auto-exploring this place.
 F = Levels seen in this place.
 G = Mean time per level.
                   A        B        C        D        E       F      G
               +--------+--------+--------+--------+--------+-----+--------+
         Total |  16217 |  14293 |   1924 |   3738 |   5536 |  15 | 1081.1 |
       Dungeon |  14892 |  12976 |   1916 |   3474 |   5456 |  12 | 1241.0 |
        Temple |    201 |    193 |      8 |    129 |      0 |   1 |  201.0 |
         Sewer |    279 |    279 |      0 |      0 |     80 |   1 |  279.0 |
      Gauntlet |    844 |    844 |      0 |    135 |      0 |   1 |  844.0 |
               +--------+--------+--------+--------+--------+-----+--------+

Top non-repeatable levels by time:
     D:4: 1818 daAuts
    D:10: 1648 daAuts
     D:5: 1635 daAuts
     D:9: 1583 daAuts
     D:2: 1533 daAuts
     D:8: 1360 daAuts
     D:1: 1160 daAuts
     D:6: 1127 daAuts
     D:7: 1076 daAuts
    D:11: 947 daAuts
     D:3: 921 daAuts
Gauntlet: 844 daAuts
   Sewer: 279 daAuts
  Temple: 201 daAuts
    D:12: 79 daAuts
